 Dungeon Crawl Stone Soup version 0.28.0-53-g5a82cb258f (webtiles) character file.

Game seed: 17932012816198260656

126 CryoSword the Conjurer (level 4, -3/35 HPs)
             Began as a Draconian Conjurer on June 2, 2022.
             Killed by nerve-wracking pain
             ... invoked by Grinder
              (12 damage)
             ... on level 3 of the Dungeon.
             The game lasted 00:05:49 (4102 turns).

CryoSword the Conjurer (Draconian Conjurer)         Turns: 4102, Time: 00:05:49

Health: -3/35      AC:  8    Str:  9    XL:     4   Next: 84%
Magic:  0/7        EV: 11    Int: 21    God:
Gold:   77         SH:  3    Dex:  9    Spells: 4/7 levels left

rFire   . . .      SeeInvis .   b - +0 short sword
rCold   . . .      Faith    .   k - +0 buckler
rNeg    . . .      Spirit   .   (armour unavailable)
rPois   .          Reflect  .   (helmet restricted)
rElec   .          Harm     .   (no cloak)
rCorr   .          Rampage  .   (no gloves)
Will    .....                   h - +2 pair of boots
Stlth   ++........              j - amulet of regeneration
HPRegen 0.91/turn               (no ring)
MPRegen 0.10/turn               (no ring)

@: no status effects
A: AC +5, unfitting armour, cold-blooded
a: no special abilities


You were on level 3 of the Dungeon.
You visited 1 branch of the dungeon, and saw 3 of its levels.

You collected 77 gold pieces.

Inventory:

Hand Weapons
 b - a +0 short sword (weapon)
   (You took it off a kobold on level 1 of the Dungeon)
Armour
 h - a +2 pair of boots (worn)
   (You found it on level 2 of the Dungeon)
 k - a +0 buckler (worn)
   (You found it on level 2 of the Dungeon)
Jewellery
 j - an amulet of regeneration (around neck)
   (You found it on level 2 of the Dungeon)
Scrolls
 i - a scroll of torment {!r}


   Skills:
 + Level 1.4 Fighting
 + Level 2.0 Dodging
 - Level 1.7 Stealth
 * Level 1.2 Shields
 + Level 2.4 Spellcasting
 * Level 5.4 Conjurations


You had 4 spell levels left.
You knew the following spells:

 Your Spells              Type           Power      Damage    Failure   Level
a - Magic Dart            Conj           100%       1d8       1%          1
b - Searing Ray           Conj           50%        2d6       3%          2

Your spell library contained the following spells:

 Spells                   Type           Power      Damage    Failure   Level
 Static Discharge         Conj/Air       13%        N/A       10%         2
 Dazzling Flash           Conj/Hex       26%        N/A       19%         3
 Fulminant Prism          Conj/Hex       6%         3d7       52%         4
 Iskenderun's Mystic Bla  Conj/Tloc      13%        2d5       52%         4
 Sticky Flame             Conj/Fire      13%        2d4       52%         4
 Dispel Undead            Necr           2%         3d7       88%         4


Dungeon Overview and Level Annotations

Branches:
Dungeon (3/15)

Altars:
Fedhas
Yredelemnul

Annotations:
D:3 Grinder


Innate Abilities, Weirdness & Mutations

Your plain brown scales are hard. (AC +5)
You cannot fit into any form of body armour.
You are cold-blooded and may be slowed by cold attacks.


Message History

There is a stone staircase leading down here.
Level map cleared.
Things that are here:
2 stones; a +0 club
Aim: Terence, wielding a +0 flail and wearing a +0 chain mail (wandering, hasn't noticed you, 85% to hit)
The searing ray hits the plant!
The plant begins to die.
The searing ray hits Terence but does no damage.
Terence shouts! (Press . to maintain the ray.)
The searing ray hits the plant!
A nearby plant withers and dies.
Aim: Terence, wielding a +0 flail and wearing a +0 chain mail (85% to hit)
The searing ray hits Terence. (Press . to maintain the ray.)
The searing ray hits Terence.
The searing ray hits Terence.
Terence misses you.
The searing ray hits Terence but does no damage.
You finish channelling your searing ray.
Terence hits you with a +0 flail.
You hit Terence but do no damage.
You tail-slap Terence, but do no damage.
Terence hits you with a +0 flail!
You hit Terence. Terence hits you with a +0 flail!
* * * LOW HITPOINT WARNING * * *
Terence says, "Time to say good-bye..."
Aim: Terence, wielding a +0 flail and wearing a +0 chain mail (moderately wounded, 85% to hit)
The searing ray hits Terence. (Press . to maintain the ray.) Terence hits you with a +0 flail!
* * * LOW HITPOINT WARNING * * *
Terence shouts, "Now you die!"
Terence says, "You're history."
There is a stone staircase leading down here.
Terence shouts, "ATTACK!!!"
Here: Terence, wielding a +0 flail and wearing a +0 chain mail (heavily wounded)
The floor.
You see here a +0 club.
Terence bares his teeth.
There is a stone staircase leading down here.
Terence closely misses you. Terence barely misses you.
As you read the scroll labelled ACICOE EPPOGG, it crumbles to dust.
It is a scroll of amnesia.
Really abort (and waste the scroll)?
Okay, then.
You block Terence's attack.
As you read the scroll labelled NIDAJO QAMABREOC, it crumbles to dust.
You speak a Word of immense power!
It was a scroll of holy word.
You block Terence's attack.
As you read the scroll labelled IHEPIGUEHIDWO, it crumbles to dust.
The creatures around you are filled with an inner flame!
It was a scroll of immolation.
Terence hits you with a +0 flail. Terence barely misses you.
Things that are here:
2 stones; a +0 club Terence's inner flame fades away.
Terence screams, "I want your blood!"
There is a stone staircase leading down here.
As you read the scroll labelled EBANUTR JIEGO, it crumbles to dust.
It is a scroll of identify.
i - a scroll of torment Terence closely misses you.
As you read the scroll labelled AMIDGH YMOCRAELESE, it crumbles to dust.
The scroll dissolves into smoke.
It was a scroll of fog.
Terence misses you.
There is a stone staircase leading down here.
Aim: Terence, wielding a +0 flail and wearing a +0 chain mail (moderately wounded, 85% to hit)
The searing ray hits Terence but does no damage. (Press . to maintain the ray.) Terence barely misses you.
The searing ray misses Terence.
Terence closely misses you.
The searing ray hits Terence!
Terence barely misses you.
The searing ray hits Terence!
You finish channelling your searing ray.
Terence hits you but does no damage.
Aim: Terence, wielding a +0 flail and wearing a +0 chain mail (almost dead, 85% to hit)
The searing ray hits Terence.
You kill Terence! (Press . to maintain the ray.)
Your Shields skill increases to level 1!
Things that are here:
a +0 flail; a +0 chain mail
There is a stone staircase leading down here.
There is a stone staircase leading down here.
You start resting.
You start resting.
Remembered map restored.
You start putting on your amulet.
You continue putting on your amulet of regeneration. x5
You finish putting on your amulet of regeneration.
The amulet throbs as it attunes itself to your uninjured body.
j - an amulet of regeneration (around neck)
You climb downwards.
There is a stone staircase leading up here.
Done exploring.
Done exploring.
Done exploring.
You see here 25 bolts.
There is an escape hatch in the ceiling, spattered with blood here.
There is a stone staircase leading down here.
You climb downwards.
Level annotation: Grinder
There is a stone staircase leading up here.
Grinder shouts!
Grinder is nearby!
Grinder is nearby!
Grinder is nearby!
Grinder blinks!
That beam is likely to hit you.
Continue anyway?
Okay, then.
Things that are here:
a +0 club; a goblin skeleton Grinder is nearby!
Aim: Grinder (77% to hit)
The searing ray hits Grinder. (Press . to maintain the ray.)
The searing ray hits Grinder.
The searing ray misses Grinder.
Grinder closely misses you.
The searing ray hits Grinder!
You finish channelling your searing ray.
Grinder hits you.
You writhe in agony.
Aim: Grinder (heavily wounded, 77% to hit)
The searing ray hits Grinder. (Press . to maintain the ray.) Grinder hits you but does no damage.
Without enough magic to sustain it, your searing ray dissipates.
Grinder hits you!
You writhe in agony.
Unknown command.
You hit Grinder.
Your tail-slap misses Grinder.
Grinder gestures at you.
You suddenly lose the ability to move!
Grinder hits you.
You writhe in agony.
You can move again.
Unknown command.
Hit: b) +0 short sword
Aim: Grinder (severely wounded, about 48% to evade your +0 short sword)
You closely miss Grinder. Grinder completely misses you.
Hit: b) +0 short sword
Aim: Grinder (severely wounded, about 48% to evade your +0 short sword)
You closely miss Grinder. Grinder hits you.
You writhe in agony.
* * * LOW HITPOINT WARNING * * *
Grinder hits you!
* * * LOW HITPOINT WARNING * * *
You writhe in agony.
* * * LOW HITPOINT WARNING * * *
You hit Grinder.
Grinder blinks!
Aim: Grinder (severely wounded, 100% to hit)
The magic dart hits Grinder.
Grinder gestures at you. Pain shoots through your body!
You die...

#### ##..## #....#
##########
#########.##.###..)...<.#
...............#........#
#..######.###...@.......#
##....###.# ##.#5.......#
.####ยง.#..# #....##.####
....##.............#.#
<.........#####.##...#
.....####.# ..# #....#
##..## #..
.######.#.######.
###..##### ..
...............
..#......# ..
#..............


You could see Grinder.

Vanquished Creatures
  An orc priest (D:3)
  Terence (D:1)
  An adder (D:2)
  A gnoll (D:1)
  A dart slug (D:2)
  3 orcs
  A bat (D:2)
  2 endoplasms
  A giant cockroach (D:2)
  5 goblins
  4 hobgoblins
  6 jackals
  6 kobolds
  2 quokkas (D:1)
  A ball python (D:1)
  3 frilled lizards
  4 rats
43 creatures vanquished.

Vanquished Creatures (others)
  A demonic plant (D:1)
  6 fungi (D:1)
  3 plants (D:1)
10 creatures vanquished.

Grand Total: 53 creatures vanquished

Notes
Turn   | Place    | Note
-------+----------+-------------------------------------------
     0 | D:1      | CryoSword the Draconian Conjurer began the quest for the
                  | Orb.
     0 | D:1      | Reached XP level 1. HP: 14/14 MP: 3/3
   113 | D:1      | Found a faded altar of an unknown god.
   543 | D:1      | Reached XP level 2. HP: 20/20 MP: 1/5
   958 | D:1      | Reached skill level 5 in Conjurations
  1023 | D:1      | Reached XP level 3. HP: 26/26 MP: 3/6
  1575 | D:2      | Noticed Terence
  1581 | D:2      | Learned a level 2 spell: Searing Ray
  2550 | D:2      | Reached skill level 1 in Fighting
  2916 | D:3      | Found a basalt altar of Yredelemnul.
  2933 | D:3      | Found a blossoming altar of Fedhas.
  2965 | D:3      | Noticed Grinder
  2965 | D:3      | Paralysed by Grinder for 5 turns
  3089 | D:2      | Reached XP level 4. HP: 30/35 MP: 0/7
  3735 | D:1      | Found a faded altar of an unknown god.
  3942 | D:1      | Killed Terence
  3943 | D:1      | Reached skill level 1 in Shields
  4095 | D:3      | Paralysed by Grinder for 2 turns
  4102 | D:3      | Killed from afar by Grinder

Illustrated notes

Levels and vault maps discovered:
D:1:      lightli_arrival_noodles, layout_loops_ring,
          shapermc_ecumenical_altar_gd, serial_bayou_lagoon_b
D:2:      layout_loops_corners, fountainhead, uniq_terence
D:3:      layout_rooms, mainiacjoe_overflow_brackets, yredelemnul_altar_generic,
          minitemple, fedhas_altar_1, lemuel_old_faithful, uniq_grinder

Skill      XL: |  1  2  3  4 |
---------------+-------------+-----
Conjurations   | 5 |  5.4
Fighting       | 1 |  1.4
Dodging        | 2 |  2.0
Shields        | 1 |  1.2
Stealth        | |  1.7
Spellcasting   | |  2.4

Action                   |  1- 3 |  4- 6 || total
-------------------------+-------+-------++-------
Melee: Short sword       |    49 |     6 ||    55
       Tailslap          |     3 |     1 ||     4
       Unarmed           |     1 |       ||     1
 Cast: Magic Dart        |    42 |     1 ||    43
       Searing Ray       |    18 |     9 ||    27
  Use: Potion            |     1 |       ||     1
       Scroll            |       |     5 ||     5
 Stab: Sleeping          |     1 |       ||     1
Armor: Skin              |    41 |     2 ||    43
Dodge: Dodged            |    55 |    11 ||    66
Block: Buckler           |       |     2 ||     2
